 Dungeon Crawl Stone Soup version 0.31-a0-188-g5e087ee2ca (webtiles) character file.

Game seed: 11771649459574441153

58 qw the Shooter (level 3, -3/20 HPs)
             Began as a Deep Elf Hunter on June 23, 2023.
             Slain by a gnoll
             ... wielding a +0 spear
              (6 damage)
             ... on level 2 of the Dungeon.
             The game lasted 00:00:28 (1211 turns).

qw the Shooter (Deep Elf Hunter)                    Turns: 1211, Time: 00:00:29

Health: -3/20      AC:  3    Str: 10    XL:     3   Next: 75%
Magic:  5/5        EV: 12    Int: 13    God:
Gold:   49         SH:  0    Dex: 18    Spells: 2/2 levels left

rFire   . . .        Y - +0 shortbow (freeze)
rCold   . . .        (shield currently unavailable)
rNeg    . . .        c - +0 leather armour
rPois   .            (no helmet)
rElec   .            (no cloak)
rCorr   .            (no gloves)
SInv    .            (no boots)
Will    .....        (no amulet)
Stlth   ++           (no ring)
HPRegen 0.23/turn    (no ring)
MPRegen 0.09/turn

%: no passive effects
@: no status effects
A: no striking features
a: no special abilities


You were on level 2 of the Dungeon.
You visited 1 branch of the dungeon, and saw 2 of its levels.

You collected 137 gold pieces.
You spent 88 gold pieces at shops.


   Skills:
 - Level 1.5 Fighting
 + Level 7.2 Ranged Weapons
 - Level 2.4 Dodging
 - Level 1.2 Stealth


You had 2 spell levels left.
You didn't know any spells.
Your spell library was empty.

Inventory:

Hand Weapons
 Y - a +0 shortbow of freezing (weapon)
Armour
 b - a +0 ring mail
 c - a +0 leather armour (worn)
Jewellery
 a - an amulet of faith
Scrolls
 f - a scroll of blinking {unknown}
 g - a scroll of poison {unknown}
 l - a scroll of immolation {unknown}
Potions
 d - a potion of heal wounds {unknown}
 e - 2 potions of curing {unknown}
 h - a potion of might {unknown}
 i - a potion of degeneration {unknown}
 j - 2 potions of haste {unknown}
 k - a potion of enlightenment {unknown}

Dungeon Overview and Level Annotations

Branches:
Dungeon (2/15)

Altars:

Shops:
D:2 [:


Message History

There is a stone staircase leading down here.
l - a scroll labelled IBOJIH HEUSIFE
Enter note:
Enter note:
Enter note:
Enter note:
There is an escape hatch in the floor here.
You now have 49 gold pieces (gained 12).
A kobold and 2 gnolls come into view.
Found a stone staircase leading up.
The gnoll shouts! x2; The kobold shouts!
You hear a shout! x2
The gnoll moves out of view.
Enter note:
Enter note:
Enter note:
Enter note:
Enter note:
Enter note: You shoot an arrow.
The arrow hits the gnoll but does no damage.
The gnoll throws a throwing net.
The throwing net hits you.
You become entangled in the net!
You struggle against the net.
You struggle against the net.
The gnoll hits you with a +0 flail.
You struggle against the net.
The gnoll hits you with a +0 flail.
A gnoll comes into view. It is wielding a +0 spear.
The gnoll hits you with a +0 club.
You struggle against the net.
The gnoll hits you with a +0 flail. The gnoll barely misses you.
You rip the net and break free!
The gnoll closely misses you.
You shoot an arrow. The arrow barely misses the gnoll.
The gnoll misses you. The gnoll completely misses you.
You shoot an arrow. The arrow hits the gnoll!
The arrow freezes the gnoll.
The gnoll is heavily wounded.
The kobold barely misses you. The gnoll closely misses you.
The gnoll hits you from afar with a +0 spear.
You die...

###.........###...#..#####
#..# # ###.._..###
###........# #.## #######
#.#.####.####.#
#.#...##...##.#
#.###.####.##.# .. #.#
#..###.##.## .... #.#
##.........# .....###.#
#######.<.#
....!..@g############.##
.....#gK................
... #g###########..##.. #
... #...####. ..... #..###
#. ....<. ....# #. ......
.#### #. ...... ##


You could see 3 gnolls and a kobold.

Vanquished Creatures
  An adder (D:2)
  2 worms (D:2)
  3 dart slugs
  4 endoplasms
  3 giant cockroaches
  4 hobgoblins
  2 jackals (D:1)
  A quokka (D:1)
  3 ball pythons (D:1)
  5 bats
  2 frilled lizards (D:1)
  A kobold (D:2)
  4 rats
35 creatures vanquished.

Notes
Turn   | Place    | Note
-------+----------+-------------------------------------------
     0 | D:1      | qw the Deep Elf Hunter began the quest for the Orb.
     0 | D:1      | Reached XP level 1. HP: 12/12 MP: 3/3
     0 | D:1      | 0 ||| qw: Version: 0.3-a-9-g12657ce
     0 | D:1      | 0 ||| qw: Game counter: 4365
     0 | D:1      | 0 ||| qw: Always use a shield: true
     0 | D:1      | 0 ||| qw: God list: Okawaru
     0 | D:1      | 0 ||| qw: Allow faded altars: false
     0 | D:1      | 0 ||| qw: Do Orc after D:15 true
     0 | D:1      | 0 ||| qw: Do second Lair branch before Depths: true
     0 | D:1      | 0 ||| qw: Lair rune preference: random
     0 | D:1      | 0 ||| qw: Plans: Normal
     0 | D:1      | 0 ||| PLANNING D:1-11
   123 | D:1      | Reached XP level 2. HP: 15/16 MP: 4/4
   125 | D:1      | Reached skill level 6 in Ranged Weapons
   223 | D:1      | 223 ||| FLEEEEING.
   224 | D:1      | 224 ||| FLEEEEING.
   491 | D:1      | Reached XP level 3. HP: 20/20 MP: 5/5
   677 | D:1      | 677 ||| READING scroll labelled AROEFOS LOBUJI.
   678 | D:1      | 678 ||| READING scroll labelled SIULYS QAOCVO.
   679 | D:1      | 679 ||| READING scroll labelled FOIR CAIMU.
   680 | D:1      | 680 ||| DROPPING scroll of butterflies.
   694 | D:2      | Found a faded altar of an unknown god.
   701 | D:2      | Found Huezih's Antique Armour Boutique.
   710 | D:2      | 710 ||| BUYING ring mail (88 gold).
   710 | D:2      | Bought a ring mail for 88 gold pieces
   710 | D:2      | 710 ||| SHOPLISTING runed leather armour (110 gold, have
                  | 3).
   758 | D:2      | Reached skill level 7 in Ranged Weapons
   883 | D:2      | Found Faha's Book Boutique.
  1208 | D:2      | HP: 2/20 [gnoll/+0 flail (6)]
  1211 | D:2      | Slain by a gnoll

Levels and vault maps discovered:
D:1:      amcnicky_arrival_blooded_trapdoor, layout_loops_cross
D:2:      layout_rooms, serial_shops, shop, nicolae_shop_tiny_real_fake_doors,
          hellmonk_ecumenical_altar_zigzags

Skill      XL: |  1  2  3 |
---------------+----------+-----
Ranged Weapons | 6 7 |  7.2
Fighting       | |  1.5
Dodging        | |  2.4
Stealth        | |  1.2

Action                     || total
---------------------------++-------
   Fire: Shortbow          ||    96
    Use: Scroll            ||     3
 Armour: Leather armour    ||     4
  Dodge: Dodged            ||    19

Table legend:
 A = Non-vault XP
 B = Vault XP
 C = Vault XP percentage of total XP
 D = Non-vault monster count
 E = Vault monster count
 F = Vault count percentage of total count
                 A         B        C        D         E       F
            +---------+---------+-------+---------+---------+-------
      Total |      83 |       0 |   0.0 |      35 |       0 |   0.0
            +---------+---------+-------+---------+---------+-------
        D:1 |      46 |       0 |   0.0 |      25 |       0 |   0.0
        D:2 |      37 |       0 |   0.0 |      10 |       0 |   0.0
            +---------+---------+-------+---------+---------+-------
